 Dungeon Crawl Stone Soup version 0.29.1-1-gd02db6906a (webtiles) character file.

Game seed: 13071121455749005774

30499 Godmorgon the Zephyrmancer (level 13, -2/66 HPs)
             Began as a Tengu Conjurer on Oct 13, 2022.
             Was a High Priest of Vehumet.
             Slain by a cane toad (7 damage)
             ... while petrified by a basilisk
             ... on level 4 of the Lair of Beasts on Oct 14, 2022.
             The game lasted 02:02:13 (19370 turns).

Godmorgon the Zephyrmancer (Tengu Conjurer)        Turns: 19370, Time: 02:02:13

Health: -2/66      AC:  5    Str:  8    XL:     13   Next: 52%
Magic:  22/27      EV:  2    Int: 23    God:    Vehumet [*****.]
Gold:   785        SH:  0    Dex: 13    Spells: 0/31 levels left

rFire   + . .      SeeInvis .   a - staff of conjuration
rCold   . . .      Faith    .   (no shield)
rNeg    + + +      Spirit   .   R - +1 leather armour {rF+}
rPois   ∞          Reflect  .   (helmet restricted)
rElec   .          Harm     .   K - +0 cloak
rCorr   .          Rampage  .   (no gloves)
Will    .....                   (boots unavailable)
Stlth   ++........              k - amulet of the acrobat
HPRegen 0.21/turn               z - +4 ring of evasion
MPRegen 0.20/turn               m - ring of poison resistance

@: petrified, flying quickly and evasively, quick
A: beak, talons 3, nimble flight
a: Renounce Religion


You were on level 4 of the Lair of Beasts.
You worshipped Vehumet.
Vehumet was extremely pleased with you.
You visited 3 branches of the dungeon, and saw 15 of its levels.

You collected 785 gold pieces.

Inventory:

Hand Weapons
 c - the +6 whip "Xaras" {vorpal, Int+4 Dex+4 Stlth+}
   (You found it on level 1 of the Lair of Beasts)

   It inflicts extra damage upon your enemies.
   Int:       It affects your intelligence (+4).
   Dex:       It affects your dexterity (+4).
   Stlth:     It makes you more stealthy.
 d - a +2 scimitar of flaming
Missiles
 e - 2 boomerangs of dispersal
 o - 9 curare-tipped darts (quivered)
 C - 7 silver javelins
 I - a throwing net
Armour
 K - a +0 cloak (worn)
 R - a +1 leather armour of fire resistance (worn)
 U - a +2 kite shield
Magical Staves
 a - a staff of conjuration (weapon)
 b - a staff of air
Jewellery
 k - an amulet of the acrobat (around neck)
 m - a ring of poison resistance (right hand)
 n - a +4 ring of evasion
 v - a ring of resist corrosion
 z - a +4 ring of evasion (left hand)
 A - a ring of see invisible
 O - a ring of fire
Wands
 E - a wand of mindburst (33)
 J - a wand of flame (28)
 T - a wand of polymorph (7)
 V - a wand of iceblast (7)
Scrolls
 p - 2 scrolls of butterflies
 q - a scroll of torment
 w - 3 scrolls of enchant armour
 y - 9 scrolls of teleportation
 D - 2 scrolls of fear
 F - 4 scrolls of blinking
 H - a scroll of magic mapping
 L - a scroll of enchant weapon {unknown}
 N - 2 scrolls of vulnerability
 Q - 2 scrolls of immolation
Potions
 f - 7 potions of curing
 g - 4 potions of brilliance
 i - 2 potions of heal wounds
 j - 3 potions of might
 l - a potion of resistance
 r - a potion of magic
 s - 5 potions of attraction
 t - a potion of haste {unknown}
 x - 2 potions of cancellation {unknown}
 B - 2 potions of lignification {unknown}
 G - 2 potions of mutation
 M - a potion of invisibility {unknown}
 P - 2 potions of flight {unknown}
 S - a potion of degeneration {unknown}
Miscellaneous
 u - a box of beasts
 X - a phantom mirror


   Skills:
 * Level 1.7 Fighting
 - Level 5.0 Armour
 - Level 2.1 Dodging
 - Level 2.0 Stealth
 * Level 7.1 Shields
 * Level 9.9 Spellcasting
 - Level 10.0 Conjurations
 + Level 3.7 Transmutations
 - Level 10.0 Fire Magic
 + Level 11.2 Air Magic
 + Level 10.8 Poison Magic


You couldn't memorise any spells.
You knew the following spells:

 Your Spells              Type           Power      Damage    Failure   Level
c - Freezing Cloud        Conj/Ice/Air   30%        6-21      3%          5
f - Flame Wave            Conj/Fire      72%        2d16      1%          4
i - Ignite Poison         Fire/Tmut/Pois 49%        N/A       1%          3
m - Mephitic Cloud        Conj/Pois/Air  74%        N/A       1%          3
n - Eringya's Noxious Bo  Tmut/Pois      22%        N/A       16%         6
p - Poisonous Vapours     Pois/Air       100%       N/A       1%          2
s - Sticky Flame          Conj/Fire      72%        2d9       1%          4
t - Olgreb's Toxic Radia  Pois           57%        N/A       1%          4

Your spell library contained the following spells:

 Spells                   Type           Power      Damage    Failure   Level
 Foxfire                  Conj/Fire      100%       2x1d9     1%          1
 Magic Dart               Conj           100%       1d8       1%          1
 Shock                    Conj/Air       100%       1d9       1%          1
 Sting                    Tmut/Pois      100%       1d8       1%          1
 Searing Ray              Conj           100%       2d8       1%          2
 Static Discharge         Conj/Air       74%        3-13/arc  1%          2
 Conjure Flame            Conj/Fire      72%        6-21      1%          3
 Dazzling Flash           Conj/Hex       100%       N/A       1%          3
 Inner Flame              Hex/Fire       34%        N/A       1%          3
 Freeze                   Ice            44%        1d6       2%          1
 Fulminant Prism          Conj/Hex       25%        3d14      2%          4
 Hailstorm                Conj/Ice       51%        3d11      2%          4
 Iskenderun's Mystic Bla  Conj/Tloc      51%        2d11      2%          4
 Corpse Rot               Necr/Pois/Air  45%        N/A       3%          4
 Starburst                Conj/Fire      36%        6d11      5%          6
 Frozen Ramparts          Ice            22%        1d4       7%          3
 Portal Projectile        Hex/Tloc       22%        N/A       24%         3
 Teleport Other           Tloc           11%        N/A       24%         3
 Tukima's Dance           Hex            11%        N/A       24%         3
 Blade Hands              Tmut           14%        N/A       41%         5
 Lee's Rapid Deconstruct  Erth           5%         3d7*      45%         5
 Cause Fear               Hex            5%         N/A       61%         4
 Leda's Liquefaction      Hex/Erth       5%         N/A       61%         4
 Statue Form              Tmut/Erth      13%        N/A       99%         6
 Dragon Form              Tmut           14%        N/A       100%        7
 Chain Lightning          Conj/Air       37%        3d49      100%        9
 Dragon's Call            Summ           5%         N/A       100%        9


Dungeon Overview and Level Annotations

Branches:
Dungeon (10/15)            Temple (1/1) D:6            Lair (4/5) D:10
  Swamp (0/4) Lair:2       Spider (0/4) Lair:3          Orc (0/2) D:9
  Slime: Lair:4-5

Altars:
Ashenzari
Cheibriados
Dithmenos
Elyvilon
Fedhas
Gozag
Hepliaklqana
Kikubaaqudgha
Makhleb
Nemelex Xobeh
Okawaru
Qazlal
Ru
Sif Muna
Trog
Uskayaw
Vehumet
Wu Jian
Xom
Yredelemnul
Zin
The Shining One

Shops:
D:9 =

Annotations:
D:8 3 runed translucent doors, Godmorgon's ghost, novice TeCj


Innate Abilities, Weirdness & Mutations

You have a beak for a mouth.
You have claws for feet.
Your magical nature lets you fly swiftly and evasively.


Message History

Confirm with . or Enter, or press ? or * to list all spells.
Casting: Flame Wave (safe; 1% risk of failure)
Press: ? - help, Dir - look around, f - activate You feel a surge of power!
A wave of flame ripples out!
The flame wave engulfs the wolf!
You kill the wolf!
Vehumet accepts your kill.
You feel your power returning.
The flame wave engulfs the wolf!
You kill the wolf!
Vehumet accepts your kill.
The flame wave engulfs the wolf!
You kill the wolf!
Vehumet accepts your kill. (Press . to intensify the flame waves.)
The bullfrog croaks.
The water moccasin barely misses you.
You have turned to stone.
The water moccasin completely misses you.
The wolf barely misses you. The cane toad stings you! The wolf bites you!
The water moccasin bites you! The wolf barely misses you.
The cane toad stings you! The water moccasin bites you.
The water moccasin bites you! The wolf completely misses you.
The water moccasin completely misses you.
The cane toad stings you!! The wolf bites you. The water moccasin bites you. x2
The cane toad barely misses you.
The wolf looks more healthy.
The wolf bites you but does no damage.
The water moccasin bites you but does no damage. x2
The wolf bites you.
* * * LOW HITPOINT WARNING * * *
The cane toad stings you!
* * * LOW HITPOINT WARNING * * *
The water moccasin bites you!
* * * LOW HITPOINT WARNING * * *
The wolf bites you.
* * * LOW HITPOINT WARNING * * *
The water moccasin bites you but does no damage.
The water moccasin bites you.
* * * LOW HITPOINT WARNING * * *
The cane toad stings you!
You die...

..........##
...........# #..........
.........#####.....†...)
#..PP.##.# ...........
#..P.##### ##..........
####..### #.).........
#####...# #..F†.=....
#...##..### #.FhS......
.......#..## #..@S......
...........###P.........
.......###..#...........
.......# ##...#.........
.[.....# #..####.......
......## #.## ###...#
.....## ##..# ####
....## ##.### ..###
#...#


You could see a cane toad, 2 water moccasins, a wolf and a bullfrog.

Vanquished Creatures
  A minotaur (Lair:3)
  Erica (D:10)
  2 hydras
  A centaur warrior (D:8)
  A two-headed ogre (D:10)
  2 tengu warriors (D:9)
  A bog body (Lair:2)
  Pikel (D:7)
  A deep elf pyromancer (D:9)
  An orc sorcerer (D:9)
  3 black mambas
  11 elephants
  A torpor snail (Lair:3)
  A rime drake (Lair:3)
  8 cane toads
  A kobold demonologist (D:9)
  3 komodo dragons (Lair:3)
  5 trolls
  A polar bear (Lair:3)
  2 dream sheep (Lair:3)
  13 blink frogs
  5 culicivoras (Lair:3)
  A ynoxinul (D:8)
  A shadow (D:9)
  2 wraiths (D:8)
  2 wyverns
  22 yaks
  2 basilisks
  4 steam dragons
  An acid dragon (D:8)
  6 water moccasins
  6 black bears
  2 ice beasts
  4 orc warriors
  A sky beast (D:6)
  2 ogres
  The ghost of fireball365 the Digger, an amateur DgEE (D:3)
  6 centaurs
  4 wolves (Lair:4)
  5 phantoms
  2 lemures (D:7)
  3 kobold brigands (D:8)
  2 gnoll sergeants (D:9)
  A necrophage (D:6)
  9 bullfrogs
  4 scorpions
  6 wights (D:8)
  A killer bee (D:9)
  6 troll zombies (D:9)
  2 howler monkeys
  3 hounds
  2 jellies (D:5)
  3 orc priests
  A gnoll bouda (D:5)
  4 iguanas
  4 orc wizards
  2 ogre zombies (D:9)
  A mummy (D:8)
  4 adders
  7 gnolls
  3 shadow imps
  A white imp (D:7)
  A dart slug (D:3)
  33 orcs
  4 endoplasms
  A giant cockroach (D:4)
  6 goblins
  5 hobgoblins
  7 jackals
  13 kobolds
  A quokka (D:3)
  3 ball pythons
  6 bats
  A frilled lizard (D:2)
  A goblin skeleton (D:9)
  3 goblin zombies (D:9)
  A hobgoblin skeleton (D:9)
  2 hobgoblin zombies
  A kobold zombie (D:8)
  3 orc skeletons (D:9)
  17 orc zombies
  4 rats
  A bush (Lair:2)
323 creatures vanquished.

Vanquished Creatures (others)
  10 fungi
  11 plants
21 creatures vanquished.

Grand Total: 344 creatures vanquished

Notes
Turn   | Place    | Note
-------+----------+-------------------------------------------
     0 | D:1      | Godmorgon the Tengu Conjurer began the quest for the Orb.
     0 | D:1      | Reached XP level 1. HP: 10/10 MP: 4/4
   184 | D:1      | Reached XP level 2. HP: 15/15 MP: 1/6
   187 | D:1      | Learned a level 2 spell: Searing Ray
   431 | D:1      | Reached XP level 3. HP: 16/19 MP: 2/7
  1131 | D:1      | Learned a level 3 spell: Mephitic Cloud
  1328 | D:2      | Found a basalt altar of Yredelemnul.
  1706 | D:2      | Identified the +3 plate armour "Fipp" {rPois rC- Will+
                  | Int+4}
  2254 | D:3      | Reached XP level 4. HP: 24/24 MP: 4/8
  2300 | D:3      | Reached skill level 1 in Air Magic
  2669 | D:3      | Found an ancient bone altar of Kikubaaqudgha.
  2781 | D:3      | Found a runed translucent gate.
  2782 | D:3      | Found a runed translucent gate.
  2782 | D:3      | Found a runed translucent gate.
  2783 | D:3      | Found an opulent altar of Gozag.
  2784 | D:3      | Noticed a centaur
  2784 | D:3      | Noticed fireball365's ghost (amateur DgEE)
  2968 | D:4      | Noticed a phantom
  2977 | D:3      | Killed a phantom
  2978 | D:3      | Reached skill level 2 in Air Magic
  2978 | D:3      | Reached skill level 1 in Poison Magic
  2978 | D:3      | Gained mutation: Your magical nature lets you fly swiftly
                  | and evasively. [Tengu growth]
  2978 | D:3      | Reached XP level 5. HP: 20/28 MP: 0/10
  3147 | D:4      | Found a hazy altar of Hepliaklqana.
  3166 | D:4      | Learned a level 2 spell: Poisonous Vapours
  3332 | D:4      | Noticed a black bear
  3346 | D:4      | Found a glowing golden altar of the Shining One.
  3380 | D:4      | Reached skill level 3 in Air Magic
  3380 | D:4      | Reached XP level 6. HP: 27/32 MP: 3/11
  3404 | D:5      | Entered Level 5 of the Dungeon
  3808 | D:5      | Noticed a black bear
  4042 | D:6      | Noticed a black bear
  4043 | D:6      | Noticed a black bear
  4056 | D:5      | Killed a black bear
  4057 | D:5      | Reached skill level 4 in Air Magic
  4057 | D:5      | Reached XP level 7. HP: 18/36 MP: 2/13
  4268 | D:6      | Found an iron altar of Okawaru.
  4687 | D:6      | Reached skill level 5 in Air Magic
  4767 | D:6      | Reached XP level 8. HP: 32/41 MP: 1/14
  4947 | D:6      | Found a staircase to the Ecumenical Temple.
  4956 | Temple   | Entered the Ecumenical Temple
  4975 | Temple   | Became a worshipper of Vehumet
  5691 | D:6      | Reached skill level 6 in Air Magic
  6167 | D:5      | Reached skill level 5 in Poison Magic
  6618 | D:5      | Reached * piety under Vehumet
  6618 | D:5      | Offered knowledge of Sandblast by Vehumet.
  6918 | D:5      | Reached skill level 7 in Air Magic
  6922 | D:5      | Reached XP level 9. HP: 35/45 MP: 3/16
  7238 | D:7      | Learned a level 4 spell: Olgreb's Toxic Radiance
  7242 | D:7      | Learned a level 3 spell: Ignite Poison
  7408 | D:7      | Noticed Pikel
  7592 | D:7      | Killed Pikel
  7593 | D:7      | Reached skill level 5 in Spellcasting
  7593 | D:7      | Reached skill level 10 in Conjurations
  7890 | D:7      | Reached skill level 8 in Air Magic
  8097 | D:7      | Got the Papyrus of Unstable Dislocation
  8706 | D:8      | Found a runed translucent gate.
  8724 | D:8      | Found a stormy altar of Qazlal.
  9129 | D:8      | Reached skill level 1 in Armour
  9552 | D:8      | Reached skill level 9 in Air Magic
  9552 | D:8      | Reached XP level 10. HP: 43/50 MP: 13/19
  9644 | D:8      | Offered knowledge of Static Discharge by Vehumet.
  9749 | D:8      | Found a shimmering blue altar of Sif Muna.
  9756 | D:8      | Got Sif Muna's Compendium of the Nimbus
  9761 | D:8      | Found a bloodstained altar of Trog.
  9809 | D:8      | Reached ** piety under Vehumet
 10032 | D:8      | Reached skill level 5 in Fire Magic
 10580 | D:8      | Noticed a centaur warrior
 10715 | D:8      | Reached skill level 10 in Air Magic
 11000 | D:7      | Learned a level 4 spell: Flame Wave
 11081 | D:8      | Killed a centaur warrior
 11083 | D:8      | Noticed a skeletal warrior
 11266 | D:8      | Found a runed translucent gate.
 11266 | D:8      | Found a runed translucent gate.
 11267 | D:8      | Noticed Godmorgon's ghost (novice TeCj)
 11267 | D:8      | Noticed a kobold demonologist
 11877 | D:3      | Reached skill level 5 in Armour
 11877 | D:3      | Reached XP level 11. HP: 50/54 MP: 12/21
 11883 | D:3      | Killed fireball365's ghost
 12112 | D:9      | Noticed a deep elf pyromancer
 12354 | D:9      | Noticed an orc sorcerer
 12358 | D:9      | Killed an orc sorcerer
 12362 | D:9      | Noticed a tengu warrior
 12391 | D:9      | Noticed a tengu warrior
 12397 | D:9      | Killed a tengu warrior
 12494 | D:9      | Found a shadowy altar of Dithmenos.
 12528 | D:9      | Found Taes's Jewellery Boutique.
 12677 | D:9      | Found a burning altar of Makhleb.
 12677 | D:9      | Noticed an Executioner
 12689 | D:9      | Killed a deep elf pyromancer
 12738 | D:9      | Offered knowledge of Scorch by Vehumet.
 13000 | D:9      | Reached *** piety under Vehumet
 13214 | D:9      | Got the Codex of Cloudy Poison
 13323 | D:9      | Offered knowledge of Sticky Flame by Vehumet.
 13443 | D:9      | Reached skill level 1 in Shields
 13457 | D:9      | Found a staircase to the Orcish Mines.
 13484 | D:9      | Killed a tengu warrior
 14255 | D:10     | Entered Level 10 of the Dungeon
 14313 | D:10     | Noticed Erica
 14590 | D:10     | Killed Erica
 14667 | D:10     | Found a staircase to the Lair.
 14719 | D:10     | Noticed a two-headed ogre
 14722 | D:10     | Killed a two-headed ogre
 14723 | D:10     | Reached skill level 1 in Transmutations
 14723 | D:10     | Reached XP level 12. HP: 59/59 MP: 17/24
 14846 | D:10     | Found a basalt altar of Yredelemnul.
 14855 | D:10     | Found a glowing silver altar of Zin.
 14935 | D:10     | Learned a level 4 spell: Sticky Flame
 14956 | Lair:1   | Entered Level 1 of the Lair of Beasts
 14959 | Lair:1   | Reached **** piety under Vehumet
 15318 | Lair:1   | Offered knowledge of Iskenderun's Battlesphere by Vehumet.
 15369 | Lair:1   | Learned a level 5 spell: Freezing Cloud
 15818 | Lair:1   | Noticed an eight-headed hydra
 15842 | Lair:1   | Killed an eight-headed hydra
 15843 | Lair:1   | Reached skill level 10 in Poison Magic
 16037 | Lair:1   | Identified the +6 whip "Xaras" {vorpal, Int+4 Dex+4 Stlth+}
 16723 | Lair:2   | Reached skill level 5 in Shields
 16983 | Lair:2   | Found a staircase to the Swamp.
 17250 | Lair:3   | Reached skill level 10 in Fire Magic
 17311 | Lair:3   | Reached XP level 13. HP: 63/63 MP: 20/27
 17503 | Lair:3   | Found a runed translucent door.
 17588 | Lair:3   | Reached ***** piety under Vehumet
 17592 | Lair:3   | Offered knowledge of Eringya's Noxious Bog by Vehumet.
 17663 | Lair:3   | Reached skill level 11 in Air Magic
 17722 | Lair:3   | Found a hole to the Spider Nest.
 18692 | Lair:3   | Noticed a minotaur
 18705 | Lair:3   | Killed a minotaur
 18856 | Lair:4   | Reached skill level 1 in Fighting
 19165 | Lair:4   | Learned a level 6 spell: Eringya's Noxious Bog
 19370 | Lair:4   | Slain by a cane toad

Illustrated notes

Levels and vault maps discovered:
D:1:      arrival_zaba_pyramid, layout_loops_ring,
          minmay_misc_feat_secret_circle, minmay_heptomino_l4
D:2:      layout_basic, basic_altar, minivault_26, kennysheep_generic_room_4
D:3:      layout_rooms, mainiacjoe_overflow_24_doors, ebering_ghost_gozag,
          minmay_misc_feat_hallway, serial_bayou_pond_d,
          kennysheep_generic_room_3
D:4:      layout_rooms, nzn_hepliaklqana_mist_gate,
          mainiacjoe_overflow_boulevard, kennysheep_generic_room_11
D:5:      layout_loops_cross
D:6:      layout_cave_pools, kennysheep_okawaru_gauntlet,
          minmay_temple_entry_mini_moons
D:7:      layout_cave_pods, uniq_pikel
D:8:      minmay_bloctagon, layout_loops_ring, mainiacjoe_overflow_catwalk,
          nzn_overflow_gifts_of_might_and_magic, gammafunk_ghost_nasty_kobolds,
          minmay_mini_ossuary
D:9:      layout_cave_pods, makhleb_altar_promises_db,
          nicolae_dithmenos_the_darkroom, zombieorc2_lemuel, serial_shops,
          nicolae_shop_hallway_plus, minmay_the_grid_2x2
          [minmay_the_grid_tri_star, minmay_the_grid_outer_diamond,
          minmay_the_grid_diamond_grid, minmay_the_grid_prize_diamond_cup]
D:10:     layout_big_octagon, mainiacjoe_overflow_swirl, uniq_erica
Temple:   bh_familiar_temple
Lair:1:   layout_regular_city, nicolae_quartered_pool_medium, grunt_megastairs_3
Lair:2:   layout_regular_city, skrybe_swamp_entry_bodies,
          infiniplex_staircase_pool
Lair:3:   dreamdust_labyrinth, layout_regular_city,
          hellmonk_spider_entry_life_and_decay, serial_bayou_shore_b
Lair:4:   layout_cave_pods, slime_entry_1, nicolae_lair_lakeside_cave,
          infiniplex_staircase_pool_2

Skill      XL: |  1  2  3  4  5  6  7  8  9 10 11 12 13 |
---------------+----------------------------------------+-----
Conjurations   | 6 7 8 9 10 | 10.0
Air Magic      | 2 3 4 5 7 9 10 11 | 11.2
Poison Magic   | 1 2 3 4 5 6 8 9 10 | 10.8
Spellcasting   | 3 4 5 6 7 9 |  9.9
Fire Magic     | 4 6 8 10 | 10.0
Armour         | 1 5 |  5.0
Shields        | 3 5 7 |  7.1
Transmutations | 1 2 3 |  3.7
Fighting       | 1 |  1.7
Dodging        | |  2.1
Stealth        | |  2.0

Action                   |  1- 3 |  4- 6 |  7- 9 | 10-12 | 13-15 || total
-------------------------+-------+-------+-------+-------+-------++-------
Melee: Whip              |       |     4 |    27 |     2 |       ||    33
       Kick              |       |     3 |     3 |     2 |       ||     8
       Staff             |       |       |     2 |     3 |     1 ||     6
       Peck              |       |       |       |     1 |       ||     1
Throw: Dart              |       |       |     2 |       |       ||     2
 Cast: Magic Dart        |    19 |     2 |     2 |       |       ||    23
       Searing Ray       |    20 |    18 |    77 |    55 |     1 ||   171
       Poisonous Vapours |       |       |    83 |    98 |    17 ||   198
       Ignite Poison     |       |       |     4 |    50 |    19 ||    73
       Flame Wave        |       |       |       |    23 |     3 ||    26
       Freezing Cloud    |       |       |       |    15 |     5 ||    20
       Olgreb's Toxic Ra |       |       |       |    12 |    12 ||    24
       Mephitic Cloud    |       |       |       |     1 |       ||     1
       Sticky Flame      |       |       |       |       |     1 ||     1
  Use: Scroll            |       |     7 |     3 |     9 |     2 ||    21
       Potion            |       |       |       |     1 |       ||     1
Armor: Robe              |     2 |     2 |     2 |       |       ||     6
       Leather armour    |       |       |       |     2 |     6 ||     8
Dodge: Dodged            |    13 |    25 |   106 |   156 |    35 ||   335
